 Dungeon Crawl Stone Soup version 0.27.1-33-g824d729ab1 (webtiles) character file.

Game seed: 15958735024532586185

258 raph the Firebug (level 6, -2/32 HPs)
             Began as a Tengu Fire Elementalist on Dec 26, 2021.
             Was an Initiate of Sif Muna.
             Slain by a mummy (18 damage)
             ... in an ossuary.
             The game lasted 00:06:38 (4619 turns).

raph the Firebug (Tengu Fire Elementalist)          Turns: 4619, Time: 00:06:38

Health: -2/32      AC:  3    Str:  8    XL:     6   Next: 16%
Magic:  7/10       EV: 14    Int: 17    God:    Sif Muna [......]
Gold:   123        SH:  0    Dex: 15    Spells: 1/9 levels left

rFire    . . .     SeeInvis .   i - +0 morningstar
rCold    . . .     Faith    .   (no shield)
rNeg     . . .     Spirit   .   a - +0 robe
rPois    .         Reflect  .   (helmet restricted)
rElec    .         Harm     .   j - +0 cloak
rCorr    .         Rampage  .   (no gloves)
Will     .....                  (boots unavailable)
Stlth    ++........             (no amulet)
HPRegen  0.10/turn              (no ring)
MPRegen  0.12/turn              (no ring)

@: flying quickly and evasively, quick
A: beak, talons 3, nimble flight
a: Renounce Religion


You were in an ossuary.
You worshipped Sif Muna.
Sif Muna was noncommittal.
You visited 1 branch of the dungeon, and saw 4 of its levels.
You also visited: Ossuary.

You collected 123 gold pieces.

Inventory:

Hand Weapons
 c - a +0 long sword
 d - a +1 short sword
 i - a +0 morningstar (weapon)
Armour
 a - a +0 robe (worn)
 j - a +0 cloak (worn)
Wands
 l - a wand of charming (4)
Scrolls
 k - a scroll of teleportation
Potions
 b - a potion of degeneration {unknown}
 e - a potion of heal wounds {unknown}
 f - a potion of might {unknown}
 g - 2 potions of lignification {unknown}
 h - a potion of brilliance {unknown}


   Skills:
 - Level 2.1 Dodging
 - Level 2.0 Stealth
 - Level 2.0 Spellcasting
 + Level 5.6 Conjurations
 + Level 5.6 Fire Magic


You had one spell level left.
You knew the following spells:

 Your Spells              Type           Power      Damage    Failure   Level
a - Foxfire               Conj/Fire      80%        2x1d8     1%          1
b - Conjure Flame         Conj/Fire      20%        6-21      6%          3
c - Sticky Flame          Conj/Fire      20%        2d4       19%         4

Your spell library contained the following spells:

 Spells                   Type           Power      Damage    Failure   Level
 Inner Flame              Hex/Fire       11%        N/A       19%         3
 Sublimation of Blood     Necr           0%         N/A       28%         2
 Wereblood                Tmut           1%         N/A       28%         2
 Fireball                 Conj/Fire      10%        3d6       47%         5
 Summon Hydra             Summ           0%         N/A       100%        7


Dungeon Overview and Level Annotations

Branches:
Dungeon (4/15)            Ossuary (1/1)
 Temple: D:4-7

Altars:
Sif Muna

Annotations:
D:2 apport $$
D:3 passwall book
D:4 1 runed translucent door, H4rdStyl3z's ghost, amateur GrFi


Innate Abilities, Weirdness & Mutations

You have a beak for a mouth.
You have claws for feet.
Your magical nature lets you fly swiftly and evasively.


Message History

Sif Muna accepts your kill.
You start resting.
Your foxfire dissipates! x2
You start resting.
You hear the slow hiss of an avalanche of sand very nearby.
You start resting.
Magic restored.
Found a sedimented brown potion.
Found a glowing green potion.
H4rdStyl3z's ghost turns its malevolent gaze towards you.
Found a runed translucent door.
Found a lead wand.
Found a stone staircase leading down.
g - 2 glowing green potions (gained 1)
l - a wand of charming (4)
Found a stone staircase leading down.
Okay, then.
Found 21 stones.
Things that are here:
a +0 dagger; a goblin corpse You hear the slow hiss of an avalanche of sand.
Found a ring mail.
Found an escape hatch in the ceiling.
H4rdStyl3z's ghost stares at you.
Found a sand-covered staircase.
H4rdStyl3z's ghost shrieks, "You will join me soon!"
Found a leather armour.
There is a sand-covered staircase here.
Okay, then.
The world spins around you as you enter the gateway.
You enter an ossuary!
Found a gate leading back out of this place.
There is an empty arch of ancient stone here.
Casting: Foxfire (safe; 1% risk of failure)
Confirm with . or Enter, or press ? or * to list all spells.
The fire begins to smoulder!
The fire ignites!
The mummy hits you!
Ouch! That really hurt!
The mummy hits you!!
Ouch! That really hurt!
You die...

#
###########.#
##............
#..M.........^
#..M@§∩.Z.....
#..M..........
##............
###########.#
#


You could see 3 mummies and a centaur zombie.

Vanquished Creatures
  An orc priest (D:3)
  4 orc wizards (D:3)
  A hound skeleton (D:4)
  3 adders
  3 dart slugs
  12 orcs
  2 ball pythons
  7 bats
  6 endoplasms
  2 giant cockroaches
  4 goblins
  7 hobgoblins
  2 jackals (D:3)
  4 quokkas
  2 frilled lizards
  6 kobolds
  6 rats
72 creatures vanquished.

Vanquished Creatures (others)
  2 jackals (D:2)
  252 foxfires
254 creatures vanquished.

Grand Total: 326 creatures vanquished

Notes
Turn   | Place    | Note
-------+----------+-------------------------------------------
     0 | D:1      | raph the Tengu Fire Elementalist began the quest for the
                  | Orb.
     0 | D:1      | Reached XP level 1. HP: 10/10 MP: 4/4
   157 | D:1      | Reached XP level 2. HP: 15/15 MP: 3/6
   833 | D:1      | Reached XP level 3. HP: 19/19 MP: 3/7
   837 | D:1      | Learned a level 3 spell: Conjure Flame
  1582 | D:2      | Found a faded altar of an unknown god.
  2725 | D:2      | Reached XP level 4. HP: 17/24 MP: 5/8
  3402 | D:3      | Found a shimmering blue altar of Sif Muna.
  3410 | D:3      | Became a worshipper of Sif Muna the Loreminder
  3461 | D:3      | Gained mutation: Your magical nature lets you fly swiftly
                  | and evasively. [Tengu growth]
  3461 | D:3      | Reached XP level 5. HP: 21/28 MP: 1/9
  3487 | D:3      | Reached skill level 5 in Fire Magic
  3567 | D:3      | Reached skill level 5 in Conjurations
  3829 | D:3      | Reached XP level 6. HP: 32/32 MP: 6/10
  3834 | D:3      | Learned a level 4 spell: Sticky Flame
  4547 | D:4      | Noticed H4rdStyl3z's ghost (amateur GrFi)
  4549 | D:4      | Found a runed translucent door.
  4598 | D:4      | Found a sand-covered staircase.
  4615 | Ossuary  | Entered an ossuary
  4619 | Ossuary  | Slain by a mummy

Illustrated notes

Levels and vault maps discovered:
D:1:      sevenhm_arrival_forest_fort_small_6, layout_basic
D:2:      layout_loops_ring, hellmonk_ecumenical_altar_arch_garden,
          lemuel_flame_loot_1
D:3:      layout_loops_ring, nicolae_sif_muna_little_library
D:4:      layout_rooms, nemelex_xobeh_ov_fountains_minmay,
          lightli_ossuary_entry_decrepit_ruins, hellmonk_ghost_happy_afterlife
Ossuary:  ossuary_the_hunt_dpeg

Skill      XL: |  1  2  3  4  5 |
---------------+----------------+-----
Conjurations   | 2 3 4 5 |  5.6
Fire Magic     | 4 5 |  5.6
Dodging        | |  2.1
Stealth        | |  2.0
Spellcasting   | |  2.0

Action                   |  1- 3 |  4- 6 || total
-------------------------+-------+-------++-------
Melee: Short sword       |     8 |       ||     8
       Kick              |     3 |     1 ||     4
       Unarmed           |     1 |       ||     1
       Long sword        |       |     5 ||     5
       Peck              |       |     1 ||     1
 Cast: Foxfire           |    71 |    88 ||   159
       Conjure Flame     |       |     1 ||     1
  Use: Scroll            |     5 |       ||     5
 Stab: Sleeping          |     1 |       ||     1
Armor: Robe              |     7 |     1 ||     8
Dodge: Dodged            |    13 |    11 ||    24
